 Dungeon Crawl Stone Soup version 0.22.1-2-g9c5b331383 (webtiles) character file.

4124 Marnok the Carver (level 10, 0/88 HPs)
             Began as a Minotaur Fighter on Dec 26, 2018.
             Slain by a hell rat (1 damage)
             ... on level 1 of the Lair of Beasts.
             The game lasted 00:22:31 (4671 turns).

Marnok the Carver (Minotaur Fighter)                Turns: 4671, Time: 00:22:31

Health: 0/88       AC: 10    Str: 25    XL:     10   Next: 6%
Magic:  9/9        EV: 11    Int:  8    God:
Gold:   308        SH: 11    Dex: 14    Spells: 9/9 levels left

rFire    + . .     SeeInvis .   t - +6 falchion of Popular Demand {slice, rElec MR+ Int+3 Stlth+}
rCold    . . .     Gourm    .   s - +0 shield
rNeg     . . .     Faith    .   F - +1 ring mail {rF+}
rPois    .         Spirit   .   (helmet restricted)
rElec    +         Reflect  .   i - +1 cloak
rCorr    .         Harm     .   E - +0 pair of gloves
MR       +....                  (no boots)
Stlth    ++........             v - amulet of rage
HPRegen  0.24/turn              l - +5 ring of strength
MPRegen  0.11/turn              o - ring of wizardry

@: about to teleport, heavily drained
A: retaliatory headbutt, horns 2
a: Evoke Berserk Rage


You were on level 1 of the Lair of Beasts.
You were not hungry.

You visited 2 branches of the dungeon, and saw 10 of its levels.

You collected 308 gold pieces.

Inventory:

Hand Weapons
 b - a +0 dagger of speed
 d - a +0 short sword of flaming
 t - the +6 falchion of Popular Demand (weapon) {slice, rElec MR+ Int+3 Stlth+}
   (You found it on level 4 of the Dungeon)

   It inflicts extra damage upon your enemies.
   It affects your intelligence (+3).
   It insulates you from electricity.
   It affects your resistance to hostile enchantments.
   It makes you more stealthy.
Armour
 i - a +1 cloak (worn)
 s - a +0 shield (worn)
 E - a +0 pair of gloves (worn)
 F - a +1 ring mail of fire resistance (worn)
Jewellery
 l - a +5 ring of strength (left hand)
 o - a ring of wizardry (right hand)
 u - an uncursed ring of protection from magic {unknown}
 v - an amulet of rage (around neck)
Wands
 r - a wand of digging (21)
 x - a wand of iceblast (8)
 y - a wand of paralysis (3)
Scrolls
 a - 3 scrolls of identify
 e - a scroll of enchant weapon {unknown}
 h - 2 scrolls of teleportation
 j - a scroll of noise {unknown}
 k - 4 scrolls of amnesia
 m - 2 scrolls of fear
 p - a scroll of remove curse
Potions
 g - 4 potions of flight
 n - a potion of haste
 q - a potion of resistance {unknown}
 w - a potion of brilliance {unknown}
 z - a potion of agility {unknown}
 A - 2 potions of heal wounds {unknown}
 B - a potion of magic {unknown}
 C - a potion of degeneration {unknown}
 D - a potion of berserk rage {unknown}
Comestibles
 f - 9 rations


   Skills:
 + Level 7.7(6.2) Fighting
 + Level 9.4(7.8) Long Blades
   Level 5.9(4.4) Axes
 + Level 7.2(5.7) Armour
 + Level 4.1(2.7) Dodging
 + Level 1.8(0.5) Stealth
 + Level 9.0(7.4) Shields


You had 9 spell levels left.
You didn't know any spells.
Your spell library contained the following spells:

 Spells                   Type           Power        Failure   Level  Hunger
 Confusing Touch          Hex            #.....       52%         1    ##.....
 Poisonous Vapours        Pois/Air       #.....       67%         2    ###....
 Call Canine Familiar     Summ           #.......     87%         3    ####...
 Confuse                  Hex            #.......     87%         3    ####...
 Gell's Gravitas          Tloc           #.........   87%         3    ####...
 Mephitic Cloud           Conj/Pois/Air  #.......     87%         3    ####...
 Petrify                  Tmut/Erth      #.......     99%         4    #####..
 Metabolic Englaciation   Hex/Ice        #.........   100%        5    ######.
 Summon Demon             Summ           #.........   100%        5    ######.
 Yara's Violent Unravell  Hex/Tmut       #.........   100%        5    ######.
 Spellforged Servitor     Conj/Summ      #.........   100%        7    #######


Dungeon Overview and Level Annotations

Branches:
Dungeon (9/15)             Temple (0/1) D:4            Lair (1/6) D:9
    Orc: D:9-12

Altars:
Gozag
Xom

Shops:
D:4 }


Innate Abilities, Weirdness & Mutations

You reflexively headbutt those who attack you in melee.
You have a pair of horns on your head.


Message History

You see here 5 chunks of flesh.
The hell rat bites you!
You feel drained.
Your shield and ring mail prevent you from hitting the hell rat.
The hell rat is almost dead.
The hell rat bites you!
* * * LOW HITPOINT WARNING * * *
You feel drained.
* * * LOW HITPOINT WARNING * * *
The hell rat bites you!
* * * LOW HITPOINT WARNING * * *
Okay, then.
As you read the scroll of teleportation, it crumbles to dust.
You feel strangely unstable. You block the hell rat's attack.
The hell rat barely misses you. You furiously retaliate!
You headbutt the hell rat, but do no damage.
You block the hell rat's attack. You block the hell rat's attack.
The hell rat bites you!
* * * LOW HITPOINT WARNING * * *
You feel drained.
You die...

##.##......+ ..##...##.
...... ....########
#.#..# ...... ...## ##
##..### ..... ...# +..
+.....# .... ...# .. #..
#.rr%.## ...# ... #..
#rrr...# ...#
#.##+.+##r#####
...######......rr####...
................@....../
.............††....#....
...................# ..
...................+
...................##
.....................
......................
##########P###.#######
### ###


You could see 3 hell rats, 2 river rats and 3 rats.

Vanquished Creatures
  2 komodo dragons
  Grinder (D:3)
  Sigmund (D:6)
  6 yaks (D:9)
  Eustachio (D:4)
  A water moccasin (D:5)
  Duvessa (D:5)
  A sky beast (D:5)
  An orc warrior (D:8)
  2 ice beasts (D:7)
  A necrophage (D:7)
  A phantom (D:4)
  An ogre (D:6)
  2 centaurs
  Blork the orc (D:4)
  4 bullfrogs
  Dowan (D:5)
  3 killer bees (D:9)
  4 howler monkeys
  2 orc priests
  A hound (D:7)
  A jelly (D:8)
  4 iguanas
  Ijyb (D:5)
  3 orc wizards
  4 worker ants
  4 gnolls (D:6)
  A worker ant zombie (D:6)
  5 adders
  A shadow imp (D:9)
  2 oozes
  2 adder skeletons (D:4)
  3 worms
  3 dart slugs
  4 leopard geckos
  16 orcs
  4 giant cockroaches
  5 goblins
  4 hobgoblins
  3 jackals (D:7)
  2 quokkas
  A ball python (D:2)
  A ball python skeleton (D:4)
  A ball python zombie (D:5)
  4 bats
  3 frilled lizards
  A jackal skeleton (D:4)
  4 kobolds
  A leopard gecko skeleton (D:4)
  12 rats
138 creatures vanquished.

Vanquished Creatures (others)
  26 plants (D:9)
26 creatures vanquished.

Grand Total: 164 creatures vanquished

Notes
Turn   | Place    | Note
-------+----------+-------------------------------------------
     0 | D:1      | Marnok the Minotaur Fighter began the quest for the Orb.
     0 | D:1      | Reached XP level 1. HP: 19/19 MP: 0/0
   354 | D:1      | Reached XP level 2. HP: 27/27 MP: 1/1
   811 | D:2      | Reached XP level 3. HP: 31/33 MP: 2/2
  1229 | D:2      | Found an opulent altar of Gozag.
  1308 | D:2      | Reached XP level 4. HP: 39/40 MP: 3/3
  1595 | D:4      | Reached skill level 1 in Dodging
  1607 | D:4      | Found Girust's Gadget Shoppe.
  1677 | D:4      | Found a staircase to the Ecumenical Temple.
  1686 | D:4      | Noticed a phantom
  1687 | D:4      | Got a transparent falchion
  1688 | D:4      | Identified the +6 falchion of Popular Demand {slice, rElec
                  | MR+ Int+3 Stlth+} (You found it on level 4 of the Dungeon)
  1709 | D:4      | Killed a phantom
  1709 | D:4      | Reached skill level 5 in Fighting
  1709 | D:4      | Reached XP level 5. HP: 41/48 MP: 4/4
  1712 | D:4      | Noticed Eustachio
  1723 | D:4      | Killed Eustachio
  1723 | D:4      | Reached skill level 1 in Long Blades
  1723 | D:4      | Reached skill level 5 in Axes
  1723 | D:4      | Reached XP level 6. HP: 50/56 MP: 5/5
  1732 | D:4      | Reached skill level 5 in Shields
  1799 | D:5      | Entered Level 5 of the Dungeon
  1812 | D:5      | Got a slimy robe
  1881 | D:4      | Identified the Almanac of Supportive Contamination
  1928 | D:4      | Noticed Blork the orc
  1935 | D:4      | Killed Blork the orc
  1935 | D:4      | Reached XP level 7. HP: 52/61 MP: 6/6
  2007 | D:3      | Identified the cursed +0 robe "Ifiydwu" {rC+} (You found it
                  | on level 5 of the Dungeon)
  2014 | D:3      | Noticed Grinder
  2024 | D:3      | Killed Grinder
  2127 | D:4      | Reached skill level 5 in Armour
  2403 | D:5      | Noticed Ijyb
  2412 | D:5      | Killed Ijyb
  2500 | D:5      | Reached skill level 5 in Long Blades
  2500 | D:5      | Reached XP level 8. HP: 44/70 MP: 7/7
  2680 | D:5      | Noticed Dowan
  2686 | D:5      | Killed Dowan
  2687 | D:5      | Noticed Duvessa
  2703 | D:5      | Killed Duvessa
  3438 | D:6      | Found a shimmering altar of Xom.
  3439 | D:6      | Noticed Sigmund
  3444 | D:6      | Killed Sigmund
  3444 | D:6      | Reached skill level 1 in Stealth
  3632 | D:7      | Reached XP level 9. HP: 64/78 MP: 8/8
  4027 | D:9      | Noticed a komodo dragon
  4034 | D:9      | Killed a komodo dragon
  4181 | D:9      | Found a staircase to the Lair.
  4336 | Lair:1   | Entered Level 1 of the Lair of Beasts
  4392 | Lair:1   | Reached XP level 10. HP: 86/86 MP: 9/9
  4671 | Lair:1   | HP: 1/88 [hell rat (7)]
  4671 | Lair:1   | Slain by a hell rat

Skill      XL: |  1  2  3  4  5  6  7  8  9 10 |
---------------+-------------------------------+-----
Shields        | 4 5 6 7 8 9 |  9.0
Fighting       | 4 5 6 7 |  7.7
Axes           | 3 4 5 |  5.9
Armour         | 4 5 6 7 |  7.2
Dodging        | 1 2 3 4 |  4.1
Long Blades    | 1 2 5 6 9 |  9.4
Stealth        | 1 |  1.8

Action                   |  1- 3 |  4- 6 |  7- 9 | 10-12 || total
-------------------------+-------+-------+-------+-------++-------
Melee: War axe           |    57 |    16 |       |       ||    73
       Headbutt          |     5 |    11 |    65 |     2 ||    83
       Falchion          |       |    38 |   212 |     9 ||   259
  Use: Scroll            |       |       |    12 |     1 ||    13
       Potion            |       |       |     5 |       ||     5
 Stab: Sleeping          |       |     1 |     1 |       ||     2
  Eat: Chunk             |     1 |       |     2 |       ||     3
       Ration            |       |     1 |     2 |       ||     3
Armor: Scale mail        |    36 |    12 |    46 |       ||    94
       Ring mail         |       |       |    21 |     3 ||    24
Dodge: Dodged            |    14 |     9 |    71 |     4 ||    98
Block: Shield            |    32 |    36 |   136 |    14 ||   218
       Rpst.: Falchion   |       |     2 |    21 |     2 ||    25
